 Seeded DCSS version 0.29.0-13-gc9e81de378 (webtiles) character file.

Game seed: 3994966498361815143 (custom seed)

1598 NinjaNoafa the Magician (level 9, -3/93 HPs)
             Began as a Djinni Ice Elementalist on Sept 9, 2022.
             Was a Follower of Makhleb.
             Slain by a wight
             ... wielding a +3 great sword of freezing
              (8 damage)
             ... on level 6 of the Dungeon on Sept 11, 2022.
             The game lasted 00:17:42 (7077 turns).

NinjaNoafa the Magician (Djinni Ice Elementalist)   Turns: 7077, Time: 00:17:43

Health: -3/93      AC: 24    Str:  7    XL:     9   Next: 15%
Gold:   104        EV:  2    Int: 19    God:    Makhleb [*.....] SH: 10 Dex: 14

rFire   + . .      SeeInvis .   s - staff of cold
rCold   . . .      Faith    .   y - +0 buckler
rNeg    . . .      Spirit   .   (body armour currently unavailable)
rPois   ∞          Reflect  +   (helmet currently unavailable)
rElec   .          Harm     .   (cloak currently unavailable)
rCorr   .          Rampage  .   (gloves currently unavailable)
Will    .....      NoTele   +   (boots unavailable)
Stlth   ++........              n - amulet of reflection
HPRegen 0.25/turn               e - ring of fire
MPRegen 0.00/turn               (no ring)

@: brilliant, tree-form, invisible
A: stationary, stasis, torment immunity, boosted hp, sickness immunity, (fire
resistance 2), (cold vulnerability 1), float, innate caster, HP casting, extra
vitality 1, (iridescent scales 1), dopey 1
a: Renounce Religion


You were on level 6 of the Dungeon.
You worshipped Makhleb.
Makhleb was aware of your devotion.
You were a tree.
You visited 2 branches of the dungeon, and saw 7 of its levels.

You collected 332 gold pieces.
You spent 228 gold pieces at shops.

Inventory:

Missiles
 c - 76 stones
 t - 6 curare-tipped darts
 w - 3 boomerangs
 x - 3 poisoned darts
Armour
 a - a +1 robe (melded)
 f - a +0 helmet of intelligence (melded)
 k - a +2 pair of gloves (melded)
 y - a +0 buckler (worn)
Magical Staves
 s - a staff of cold (weapon)
Jewellery
 e - a ring of fire (left branch)
 n - an amulet of reflection (around neck)
Wands
 A - a wand of charming (11)
Scrolls
 b - 4 scrolls of fog
 g - 2 scrolls of teleportation
 i - a scroll of fear
 p - a scroll of noise
 q - a scroll of vulnerability
 r - a scroll of poison
Potions
 d - a potion of might
 h - 2 potions of flight
 j - a potion of curing
 l - a potion of attraction
 o - 2 potions of invisibility
 v - a potion of lignification


   Skills:
 + Level 4.1 Fighting
 - Level 3.0 Armour
 - Level 3.0 Dodging
 - Level 1.5 Stealth
 - Level 3.0 Shields
 - Level 7.0 Spellcasting
 - Level 3.1 Invocations


You had one spell level left.
You knew the following spells:

 Your Spells              Type           Power      Damage    Failure   Level
a - Freeze                Ice            100%       1d11      1%          1
b - Frozen Ramparts       Ice            100%       1d16      2%          3
c - Ozocubu's Armour      Ice            65%        N/A       2%          3
d - Hailstorm             Conj/Ice       65%        3d14      8%          4
e - Foxfire               Conj/Fire      100%       2x1d9     1%          1
f - Wereblood             Tmut           49%        N/A       1%          2
g - Gell's Gravitas       Tloc           49%        N/A       2%          3
h - Anguish               Hex/Necr       24%        N/A       8%          4
Your spell library was empty.

Dungeon Overview and Level Annotations

Branches:
Dungeon (6/15)             Temple (1/1) D:4

Altars:
Cheibriados
Dithmenos
Elyvilon
Hepliaklqana
Makhleb
Okawaru
Qazlal
Ru
Trog
Uskayaw
Wu Jian
Yredelemnul
Zin
The Shining One

Shops:
D:2 [   D:5 [


Innate Abilities, Weirdness & Mutations

You are a tree.
Your roots penetrate the ground, keeping you stationary.
You cannot be teleported.
You are immune to unholy pain and torment.
Your maximum health is greatly increased.
Your equipment is partially melded.
You are immune to sickness and miasma.
You are immune to poison.
((Your flesh is very heat resistant. (rF++)))
((You are vulnerable to cold. (rC-)))
You float through the air rather than walking.
You learn spells naturally, not from books.
Your magical power is your life essence.
You have superior vitality. (+4 MHP)
((You are partially covered in iridescent scales. (AC +2)))
You are dopey. (Int -2)


Message History

You destroy the wight!
Makhleb accepts your kill.
You can now gain health from killing.
The wight hits you with a +3 great sword of freezing!
The wight freezes you.
* * * LOW HITPOINT WARNING * * *
Your Fighting skill increases to level 4!
You feel better. The wight closely misses you.
Casting: Hailstorm (dangerous; 6% risk of failure)
Confirm with . or Enter, or press ? or * to list all spells.
Aiming: Freeze (safe; 1% risk of failure)
Press: ? - help, Shift-Dir - straight line, f - wight
Aim: a wight, wielding a +3 great sword of freezing and wearing a +0 robe (almost destroyed)
You feel a surge of power!
You freeze the wight.
The wight resists.
The wight is almost destroyed.
You block the wight's attack.
Casting: Freeze (safe; 1% risk of failure)
Confirm with . or Enter, or press ? or * to list all spells.
Aiming: Freeze (safe; 1% risk of failure)
Press: ? - help, Shift-Dir - straight line, f/p - wight
Aim: a wight, wielding a +3 great sword of freezing and wearing a +0 robe (almost destroyed)
You feel a surge of power!
You freeze the wight but do no damage.
The wight completely resists.
The wight hits you with a +3 great sword of freezing!
* * * LOW HITPOINT WARNING * * *
The wight freezes you.
* * * LOW HITPOINT WARNING * * *
It was a potion of brilliance.
You feel clever all of a sudden. The wight barely misses you.
It was a potion of invisibility.
You fade into invisibility!
The wight barely misses you.
It was a potion of lignification.
You turn into a tree.
Your +0 helmet of intelligence melds into your body.
Your +2 pair of gloves melds into your body.
Your +1 robe melds into your body.
You feel stupid.
Your roots penetrate the ground.
The wight hits you with a +3 great sword of freezing!
You die...

#....# ##.#
#....##### #...#
#......).###..####
########.........#
####..##...
##...)..#
##..)).###
#...z...#
#...♣...#
#.......#
##.....## #.....#
....... #>......#
#.......#
##.....##


You could see a wight (unable to see you).

Vanquished Creatures
  Prince Ribbit (D:5)
  Eustachio (D:5)
  A human (D:3)
  An ogre (D:4)
  7 scorpions
  2 wights (D:6)
  A killer bee (D:5)
  2 jellies
  2 orc priests
  2 hounds
  Jessica (D:2)
  An orc wizard (D:6)
  6 gnolls
  7 adders
  A white imp (D:5)
  3 worms
  4 dart slugs
  7 orcs
  5 ball pythons
  10 endoplasms
  8 giant cockroaches
  10 goblins
  6 hobgoblins
  6 quokkas
  4 bats (D:1)
  3 frilled lizards
  A jackal zombie (D:3)
  6 kobolds
  5 rats
  A butterfly (D:5)
115 creatures vanquished.

Vanquished Creatures (collateral kills)
  A foxfire (D:3)
1 creature vanquished.

Vanquished Creatures (others)
  A wight (D:6)
  174 foxfires
175 creatures vanquished.

Grand Total: 291 creatures vanquished

Notes
Turn   | Place    | Note
-------+----------+-------------------------------------------
     0 | D:1      | NinjaNoafa the Djinni Ice Elementalist began the quest for
                  | the Orb.
     0 | D:1      | NinjaNoafa set off with the following spells memorised:
                  | Freeze, Frozen Ramparts, Ozocubu's Armour, Hailstorm.
     0 | D:1      | Reached XP level 1. HP: 15/15 MP: 0/0
    89 | D:1      | Found a faded altar of an unknown god.
   373 | D:1      | Reached skill level 1 in Fighting
   373 | D:1      | Reached XP level 2. HP: 20/22 MP: 0/0
  1200 | D:1      | Reached XP level 3. HP: 26/28 MP: 0/0
  1200 | D:1      | Learned a level 1 spell: Foxfire
  1972 | D:2      | Reached XP level 4. HP: 31/34 MP: 0/0
  2046 | D:2      | Found Urirph's Armour Boutique.
  2049 | D:2      | Noticed Jessica
  2052 | D:2      | Killed Jessica
  2057 | D:2      | Found a stormy altar of Qazlal.
  2066 | D:2      | Reached skill level 4 in Spellcasting
  2066 | D:2      | Reached XP level 5. HP: 40/40 MP: 0/0
  2066 | D:2      | Learned a level 2 spell: Wereblood
  2608 | D:3      | Found a runed translucent door.
  2608 | D:3      | Noticed a human
  2612 | D:3      | Found a basalt altar of Yredelemnul.
  2632 | D:3      | Killed a human
  2633 | D:3      | Reached skill level 5 in Spellcasting
  2633 | D:3      | Reached XP level 6. HP: 21/46 MP: 0/0
  3608 | D:3      | Reached XP level 7. HP: 36/50 MP: 0/0
  3608 | D:3      | Learned a level 3 spell: Gell's Gravitas
  3792 | D:4      | Gained mutation: Your body sometimes deteriorates upon
                  | taking damage. [potion of mutation]
  3792 | D:4      | Gained mutation: Your flesh is almost immune to the effects
                  | of heat. (rF+++) [potion of mutation]
  3970 | D:4      | Identified the +3 dagger of the Countless Tales {holy, rC+
                  | MP+9 Str+4 Dex-4}
  4001 | D:4      | Reached skill level 6 in Spellcasting
  4436 | D:4      | Lost mutation: Your body sometimes deteriorates upon taking
                  | damage. [potion of mutation]
  4436 | D:4      | Lost mutation: Your flesh is almost immune to the effects
                  | of heat. (rF+++) [potion of mutation]
  4436 | D:4      | Gained mutation: You are dopey. (Int -2) [potion of
                  | mutation]
  4436 | D:4      | Gained mutation: You are partially covered in iridescent
                  | scales. (AC +2) [potion of mutation]
  4637 | D:4      | Found a staircase to the Ecumenical Temple.
  4889 | D:5      | Entered Level 5 of the Dungeon
  4935 | Temple   | Entered the Ecumenical Temple
  5154 | Temple   | Became a worshipper of Makhleb the Destroyer
  5429 | D:5      | Found a white marble altar of Elyvilon.
  5429 | D:5      | Noticed Eustachio
  5452 | D:5      | Killed Eustachio
  5588 | D:5      | Noticed Prince Ribbit
  5637 | D:5      | Reached XP level 8. HP: 53/56 MP: 0/0
  5761 | D:2      | Bought a +0 buckler for 63 gold pieces
  5933 | D:5      | Found an ornate altar of the Wu Jian Council.
  6012 | D:5      | Found a runed translucent door.
  6014 | D:5      | Found a runed translucent door.
  6034 | D:5      | Reached skill level 7 in Spellcasting
  6034 | D:5      | Reached skill level 1 in Shields
  6034 | D:5      | Reached skill level 1 in Invocations
  6077 | D:5      | Reached skill level 1 in Armour
  6595 | D:5      | Killed Prince Ribbit
  6673 | D:5      | Found Ycwy's Antique Armour Shop.
  6681 | D:5      | Bought a glowing helmet for 165 gold pieces
  6773 | D:6      | Reached XP level 9. HP: 36/60 MP: 0/0
  6773 | D:6      | Learned a level 4 spell: Anguish
  7071 | D:6      | Reached * piety under Makhleb
  7074 | D:6      | HP: 3/62 [wight/+3 great sword of freezing (6)]
  7077 | D:6      | Slain by a wight

Illustrated notes

Levels and vault maps discovered:
D:1:      wander_arrival_peaceful_grave, layout_basic,
          ebering_ecumenical_altar_webs, serial_corexii_hall,
          corexii_hall_statues_deadend, corexii_hall_statues_i,
          minmay_misc_feat_encased, minivault_14
D:2:      layout_rooms, basic_altar, serial_shops, shop, kennysheep_boxes,
          uniq_jessica
D:3:      minmay_spotlight, layout_loops_ring, dk_yredelemnul_ordeal,
          minmay_joined_circles
D:4:      layout_basic, minmay_temple_entry_metal_lava
D:5:      lemuel_insect_pit, layout_basic, mainiacjoe_overflow_tiny_flanked,
          mainiacjoe_overflow_chevrons, serial_shops, nicolae_square_shop,
          serial_bayou_ford_a, uniq_eustachio, uniq_prince_ribbit1
D:6:      layout_rooms, uniq_duvessa
Temple:   hellmonk_temple_forest_ring

Skill      XL: |  1  2  3  4  5  6  7  8  9 |
---------------+----------------------------+-----
Fighting       | 1 2 3 4 |  4.1
Spellcasting   | 4 5 6 7 |  7.0
Shields        | 3 |  3.0
Invocations    | 3 |  3.1
Armour         | 2 3 |  3.0
Dodging        | 3 |  3.0
Stealth        | |  1.5

Action                   |  1- 3 |  4- 6 |  7- 9 || total
-------------------------+-------+-------+-------++-------
Melee: Unarmed           |     2 |       |       ||     2
       Short sword       |     9 |       |       ||     9
       Rapier            |     1 |       |       ||     1
       Dagger            |       |    15 |       ||    15
       Staff             |       |     5 |    21 ||    26
 Cast: Freeze            |    38 |     9 |    10 ||    57
       Foxfire           |    11 |    43 |    63 ||   117
       Wereblood         |       |     3 |     3 ||     6
       Frozen Ramparts   |       |    10 |     6 ||    16
       Ozocubu's Armour  |       |     2 |     4 ||     6
       Gell's Gravitas   |       |       |     7 ||     7
       Hailstorm         |       |       |     3 ||     3
       Anguish           |       |       |     2 ||     2
  Use: Potion            |       |     1 |     7 ||     8
       Scroll            |       |       |    18 ||    18
Armor: Robe              |     8 |     8 |    21 ||    37
Dodge: Dodged            |    34 |    24 |    43 ||   101
Block: Other             |       |    11 |    12 ||    23
       Buckler           |       |       |    27 ||    27
